 Dungeon Crawl Stone Soup version 0.21-a0-2-ge494091 (webtiles) character file.

1186 JeffiDaFish the Ducker (level 8, 0/74 HPs)
             Began as a Troll Earth Elementalist on May 22, 2017.
             Slain by an ice beast (14 damage)
             ... on level 4 of the Dungeon.
             The game lasted 00:15:19 (4858 turns).

JeffiDaFish the Ducker (Troll Earth Elementalist)   Turns: 4858, Time: 00:15:19

Health: 0/74       AC:  6    Str: 17      XL:     8   Next: 19%
Magic:  0/11       EV: 11    Int:  8 (9)  God:
Gold:   233        SH:  0    Dex: 11 (12) Spells: 3/12 levels left

rFire    . . .     SeeInvis .   i - +0 mace
rCold    . . .     Gourm    +   (no shield)
rNeg     . . .     Faith    .   c - +1 robe
rPois    .         Spirit   .   (helmet restricted)
rElec    .         Reflect  .   (no cloak)
rCorr    .         Harm     .   (gloves unavailable)
MR       .....     Clarity  +   (boots unavailable)
Stlth    ++........             (no amulet)
Regen    0.7/turn               (no ring)
MPRegen  0.2/turn               (no ring)

@: very slightly contaminated
A: unfitting armour, antennae 1, claws 3, clarity, dopey 1, fast metabolism 3,
gourmand, regeneration 1, shaggy fur 1, tough skin 2
a: no special abilities


You were on level 4 of the Dungeon.
You were near starving.

You visited 1 branch of the dungeon, and saw 4 of its levels.
You also visited: Sewer and Ossuary.

You collected 233 gold pieces.

Inventory:

Hand Weapons
 i - a +0 mace (weapon)
Missiles
 b - 41 stones (quivered)
Armour
 c - a +1 robe (worn)
Jewellery
 f - an uncursed ring of fire
Scrolls
 a - a scroll of teleportation
 j - 5 scrolls of remove curse
 k - a scroll of recharging
 n - 2 scrolls of identify
 u - a scroll of enchant armour
Potions
 g - a potion of invisibility
 h - a potion of might
 l - 2 potions of agility
 m - a potion of heal wounds
 o - a potion of flight
 t - 2 potions of curing
Books
 e - a book of Geomancy

   Spells                             Type                      Level
   a - Sandblast                      Earth                        1
   b - Passwall                       Transmutation/Earth          2
   c - Stone Arrow                    Conjuration/Earth            3
   d - Petrify                        Transmutation/Earth          4
   e - Lee's Rapid Deconstruction     Earth                        5
Comestibles
 d - 5 bread rations


   Skills:
 + Level 2.8 Fighting
   Level 1.0 Short Blades
 + Level 2.5 Maces & Flails
 * Level 4.5 Dodging
 - Level 1.1 Stealth
 - Level 0.4 Unarmed Combat
 + Level 2.7 Spellcasting
 + Level 2.2 Conjurations
   Level 0.6 Transmutations
 + Level 4.2 Earth Magic


You had 3 spell levels left.
You knew the following spells:

 Your Spells              Type           Power        Failure   Level  Hunger
a - Sandblast             Erth           #.....       6%          1    ##.....
b - Stone Arrow           Conj/Erth      #.....       26%         3    ####...
c - Lee's Rapid Deconstr  Erth           #.........   85%         5    ######.


Dungeon Overview and Level Annotations

Branches:
Dungeon (4/15)
 Temple: D:4-7

Altars:
Elyvilon

Annotations:
D:4 1 runed door


Innate Abilities, Weirdness & Mutations

You are too large for most types of armour.
You have claws for hands.
Your metabolism is lightning-fast.
You like to eat raw meat.
Your natural rate of healing is unusually fast.
You are covered in fur. (AC +1)
You have very tough skin. (AC +2)
You have a pair of small antennae on your head.
You possess an exceptional clarity of mind.
You are dopey. (Int -2)


Message History

You are near starving!
The ice beast closely misses you.
The ice beast hits you but does no damage.
Casting: Sandblast
Confirm with . or Enter, or press ? or * to list all spells.
Aiming: Sandblast
Press: ? - help, Shift-Dir - straight line, f/p - ice beast
Aim: an ice beast (heavily wounded)
The blast of sand hits the ice beast.
The ice beast is heavily wounded.
b - 41 stones The ice beast hits you.
The ice beast freezes you!
* * * LOW HITPOINT WARNING * * *
Okay, then.
You hit the ice beast.
The ice beast is heavily wounded.
The ice beast hits you.
* * * LOW HITPOINT WARNING * * *
The ice beast freezes you!
You die...

#...).....#
#.........# #######
#.....^...#
##.....###.........#
##.......###.......##
##...................#
.....................#
....
...........#.........#
#...#
#.....@...#.........#
....#
#....Y....#...>.....#
....##
#.........##.......##
.....#
#.........###.....##
..#..## #.........#
#####.# ......#
#.........# #...# ..#
.. #..........# #.###
.##.# #.#.......##
##.# ....#.# ## #..#


You could see an ice beast.

Vanquished Creatures
  Duvessa (D:4)
  2 ogres
  4 big kobolds
  Dowan (D:4)
  2 centaur zombies (Ossuary)
  2 orc wizards
  A hound (D:4)
  An orc priest (D:3)
  A centaur skeleton (D:4)
  A worker ant (D:4)
  3 ogre zombies (Ossuary)
  7 mummies (Ossuary)
  7 adders
  3 oozes
  6 adder zombies (Ossuary)
  A worm (D:2)
  A dart slug (D:1)
  10 orcs (D:3)
  9 bats
  6 giant cockroaches
  A gnoll zombie (Ossuary)
  14 goblins
  14 hobgoblins
  16 kobolds
  A quokka (D:3)
  5 ball pythons
  3 frilled lizards
  6 goblin zombies (Ossuary)
  2 hobgoblin zombies (Ossuary)
  A jackal skeleton (D:4)
  4 kobold zombies (Ossuary)
  4 quokka zombies (Ossuary)
  17 rats
  2 rat zombies (Ossuary)
159 creatures vanquished.

Notes
Turn   | Place    | Note
-------+----------+-------------------------------------------
     0 | D:1      | JeffiDaFish the Troll Earth Elementalist began the quest for the Orb.
     0 | D:1      | Reached XP level 1. HP: 16/16 MP: 1/1
   164 | D:1      | Reached XP level 2. HP: 18/24 MP: 0/3
   631 | D:1      | Reached XP level 3. HP: 31/31 MP: 2/4
   744 | D:1      | Learned a level 3 spell: Stone Arrow
  1268 | D:2      | Reached skill level 1 in Short Blades
  1566 | D:2      | Reached XP level 4. HP: 40/40 MP: 5/5
  2079 | D:3      | Reached XP level 5. HP: 46/46 MP: 6/6
  2157 | D:3      | Found a glowing drain.
  2164 | Sewer    | Entered a sewer
  2223 | Sewer    | Reached skill level 1 in Conjurations
  2253 | Sewer    | Reached skill level 1 in Fighting
  2293 | Sewer    | Reached skill level 1 in Maces & Flails
  2402 | Sewer    | Reached XP level 6. HP: 29/55 MP: 0/8
  3448 | D:3      | Reached XP level 7. HP: 49/63 MP: 1/9
  3641 | D:4      | Found a white marble altar of Elyvilon.
  3641 | D:4      | Found a runed door.
  3641 | D:4      | Noticed an angel
  3796 | D:4      | Found a sand-covered staircase.
  3801 | Ossuary  | Entered an ossuary
  4393 | Ossuary  | Learned a level 5 spell: Lee's Rapid Deconstruction
  4582 | Ossuary  | Gained mutation: You are dopey. (Int -2) [potion of mutation]
  4582 | Ossuary  | Gained mutation: You possess an exceptional clarity of mind. [potion of mutation]
  4582 | Ossuary  | Gained mutation: You have a pair of small antennae on your head. [potion of mutation]
  4600 | D:4      | Noticed Dowan
  4603 | D:4      | Noticed Duvessa
  4621 | D:4      | Killed Dowan
  4621 | D:4      | Reached XP level 8. HP: 68/74 MP: 4/11
  4636 | D:4      | Killed Duvessa
  4858 | D:4      | Slain by an ice beast

Vault maps used:
D:1:      lemuel_arrival_room, minmay_heptomino_d4
D:2:      first_bread
D:3:      serial_co_window_serial, co_window_corner_a, co_window_corner_a,
          co_window_paths_b, co_window_paths_b, co_window_corner_a,
          co_window_paths_b, co_window_corner_a, co_window_2corner,
          co_window_broadway_a, co_window_broadway_a, co_window_2corner,
          co_window_of_opportunity_c, co_window_broadway_b, co_window_corner_b,
          glass_columns_b, glass_columns_a, glass_columns_a, glass_columns_a,
          portal_sewer_entry_e
D:4:      enter_ossuary_2, lemuel_angel_altar, uniq_duvessa
Sewer:    kennysheep_pipe_town
Ossuary:  ossuary_boxes_badplayer

Skill      XL: |  1  2  3  4  5  6  7 |
---------------+----------------------+-----
Earth Magic    | 3 4 |  4.2
Dodging        | 2 3 4 |  4.5
Short Blades   | 1 |  1.0
Conjurations   | 1 2 |  2.2
Fighting       | 1 2 |  2.8
Maces & Flails | 1 2 |  2.5
Spellcasting   | 2 |  2.7
Stealth        | |  1.1
Unarmed Combat | |  0.4
Transmutations | |  0.6

Action                   |  1- 3 |  4- 6 |  7- 9 || total
-------------------------+-------+-------+-------++-------
Melee: Dagger            |   150 |       |       ||   150
       Unarmed           |    16 |       |       ||    16
       Mace              |    10 |   262 |   256 ||   528
       Punch             |       |       |     4 ||     4
 Cast: Sandblast         |    24 |    18 |    16 ||    58
       Stone Arrow       |       |    15 |     8 ||    23
  Use: Potion            |     5 |     4 |     6 ||    15
       Scroll            |     3 |     6 |     4 ||    13
 Stab: Sleeping          |     5 |     4 |     8 ||    17
  Eat: Chunk             |    21 |    19 |    10 ||    50
Armor: Robe              |    72 |   123 |    92 ||   287
Dodge: Dodged            |    72 |   221 |   158 ||   451
